 Dungeon Crawl Stone Soup version 0.27-a0-1186-g8b4daa1eef (webtiles) character file.

Game seed: 639052464994654035

290 leviel the Covered (level 6, -8/53 HPs)
             Began as a Minotaur Fighter on May 19, 2021.
             Mangled by Pikel
             ... wielding a +1 whip of electrocution
              (9 damage)
             ... on level 4 of the Dungeon on May 20, 2021.
             The game lasted 00:04:13 (3049 turns).

leviel the Covered (Minotaur Fighter)               Turns: 3049, Time: 00:04:14

Health: -8/53      AC:  7    Str: 28    XL:     6   Next: 9%
Magic:  5/5        EV:  8    Int:  5    God:
Gold:   1100       SH: 10    Dex: 10    Spells: 5/5 levels left

rFire    . . .     SeeInvis .   a - +0 trident
rCold    . . .     Faith    .   c - +0 kite shield
rNeg     . . .     Spirit   .   b - +0 scale mail
rPois    .         Reflect  .   (helmet restricted)
rElec    .         Harm     .   (no cloak)
rCorr    .         Rampage  .   (no gloves)
Will     .....                  (no boots)
Stlth    ..........             (no amulet)
HPRegen  0.17/turn              h - +6 ring of strength
MPRegen  0.09/turn              (no ring)

@: hasted, very quick
A: horns 2, retaliatory headbutt
a: no special abilities


You were on level 4 of the Dungeon.
You visited 1 branch of the dungeon, and saw 4 of its levels.

You collected 1100 gold pieces.

Inventory:

Hand Weapons
 a - a +0 trident (weapon)
Armour
 b - a +0 scale mail (worn)
 c - a +0 kite shield (worn)
Jewellery
 h - a +6 ring of strength (left hand)
 m - a ring of magical power
Scrolls
 d - a scroll of torment {unknown}
 e - 3 scrolls of identify {@r1}
Potions
 f - a potion of attraction {unknown}
 g - a potion of mutation
 k - a potion of flight
 l - a potion of ambrosia {unknown}


   Skills:
 + Level 4.5 Fighting
 + Level 4.7 Polearms
 + Level 5.0 Armour
 - Level 1.7 Dodging
 - Level 0.7 Stealth
 + Level 4.8 Shields


You had 5 spell levels left.
You didn't know any spells.
Your spell library was empty.

Dungeon Overview and Level Annotations

Branches:
Dungeon (4/15)
 Temple: D:4-7

Altars:
Dithmenos
Makhleb
Nemelex Xobeh

Shops:
D:3 (

Annotations:
D:3 Grinder
D:4 Eustachio, Pikel


Innate Abilities, Weirdness & Mutations

You have a pair of horns on your head.
You reflexively headbutt those who attack you in melee.


Message History

The lemure is severely wounded.
The lemure hits you. You block the lemure's attack.
You closely miss the lemure. Your headbutt misses the lemure.
The lemure is severely wounded.
You block the lemure's attack.
You puncture the lemure!
You kill the lemure!
That felt strangely unrewarding.
You hit Pikel.
Pikel is lightly wounded.
Pikel hits you with a +1 whip of electrocution.
You hit Pikel. Your headbutt misses Pikel.
Pikel is lightly wounded.
Pikel hits you with a +1 whip of electrocution.
You are electrocuted!
You are too injured to fight recklessly!
You are too injured to fight recklessly!
You hit Pikel.
Pikel is lightly wounded.
Pikel hits you with a +1 whip of electrocution.
* * * LOW HITPOINT WARNING * * *
You block Pikel's attack.
It was a potion of haste.
You feel yourself speed up. You block Pikel's attack.
Level annotation: Eustachio, Pikel Welcome back, leviel the Minotaur Fighter.
Press ? for a list of commands and other information.
Okay, then.
Pikel hits you with a +1 whip of electrocution.
* * * LOW HITPOINT WARNING * * *
You are electrocuted!
* * * LOW HITPOINT WARNING * * *
You hit Pikel. You headbutt Pikel.
Pikel is moderately wounded.
Pikel barely misses you.
You hit Pikel.
Pikel is heavily wounded.
You barely miss Pikel. You headbutt Pikel.
Pikel is heavily wounded.
Pikel hits you with a +1 whip of electrocution!
You die...

#### ..........##
..........#
.........#
#...#.##.#
#...#.##.#
#...#.##@#
#.#...#.##K#
#....<...#5####.##
#######..55.......
#..#........
#.5##.#.###. #.5.
....# #..#.....#
#..#.....#


You could see Pikel and 3 lemures.

Vanquished Creatures
  Sigmund (D:3)
  A lemure (D:4)
  Natasha (thrice) (D:3)
  2 worms (D:3)
  2 dart slugs
  7 bats
  9 endoplasms
  2 giant cockroaches
  3 goblins
  2 hobgoblins (D:1)
  7 jackals (D:1)
  5 kobolds
  2 quokkas (D:1)
  5 ball pythons
  2 frilled lizards (D:1)
  4 rats
57 creatures vanquished.

Vanquished Creatures (others)
  An endoplasm (D:1)
  A frilled lizard (D:1)
2 creatures vanquished.

Grand Total: 59 creatures vanquished

Notes
Turn   | Place    | Note
-------+----------+-------------------------------------------
     0 | D:1      | leviel the Minotaur Fighter began the quest for the Orb.
     0 | D:1      | Reached XP level 1. HP: 19/19 MP: 0/0
    27 | D:1      | Reached XP level 2. HP: 14/27 MP: 1/1
   460 | D:1      | Found a faded altar of an unknown god.
   469 | D:1      | Reached XP level 3. HP: 28/33 MP: 2/2
   626 | D:1      | Identified a scroll of acquirement
   626 | D:1      | Acquired 1011 gold pieces
   800 | D:1      | Reached skill level 4 in Armour
  1273 | D:2      | Found a sparkling altar of Nemelex Xobeh.
  1642 | D:3      | Reached skill level 1 in Dodging
  1815 | D:3      | Noticed Natasha
  1822 | D:3      | Killed Natasha
  1823 | D:3      | Reached XP level 4. HP: 28/40 MP: 3/3
  2076 | D:3      | Noticed Natasha
  2083 | D:3      | Killed Natasha
  2260 | D:3      | Found a shadowy altar of Dithmenos.
  2313 | D:3      | Noticed Sigmund
  2356 | D:3      | Killed Sigmund
  2357 | D:3      | Reached XP level 5. HP: 21/47 MP: 4/4
  2686 | D:3      | Noticed Natasha
  2691 | D:3      | Killed Natasha
  2692 | D:3      | Reached skill level 5 in Armour
  2692 | D:3      | Reached XP level 6. HP: 50/53 MP: 5/5
  2742 | D:3      | Found Peetiel's Weapon Boutique.
  2757 | D:3      | Noticed Grinder
  2758 | D:3      | Paralysed by Grinder for 6 turns
  2810 | D:4      | Found a burning altar of Makhleb.
  2810 | D:4      | Noticed Eustachio
  3029 | D:4      | Noticed Pikel
  3046 | D:4      | HP: 1/53 [Pikel/+1 whip of electrocution (8)]
  3049 | D:4      | Mangled by Pikel

Illustrated notes

Levels and vault maps discovered:
D:1:      pf_arrival_petrified_forest, layout_loops_ring,
          basic_ecumenical_altar, lemuel_flame_loot_1
D:2:      layout_basic, basic_altar
D:3:      layout_basic, lemuel_doored_altar, serial_shops, shop,
          hangedman_decor_points, minmay_misc_feat_hallway, minmay_distorted,
          uniq_natasha, uniq_grinder, uniq_sigmund
D:4:      layout_loops_cross, overflow_temple_1_default, bh_walls_and_bars,
          uniq_eustachio, uniq_pikel

Skill      XL: |  1  2  3  4  5 |
---------------+----------------+-----
Shields        | 4 |  4.8
Fighting       | 4 |  4.5
Armour         | 4 5 |  5.0
Polearms       | 3 4 |  4.7
Dodging        | 1 |  1.7
Stealth        | |  0.7

Action                   |  1- 3 |  4- 6 || total
-------------------------+-------+-------++-------
Melee: Trident           |   116 |    42 ||   158
       Headbutt          |    15 |     6 ||    21
  Use: Scroll            |     4 |     1 ||     5
       Potion            |       |     3 ||     3
Armor: Scale mail        |    41 |     6 ||    47
Dodge: Dodged            |    32 |     7 ||    39
Block: Kite shield       |    45 |    11 ||    56

Table legend: (Time is in decaauts)
 A = Elapsed time spent in this place.
 B = Non-inter-level travel time spent in this place.
 C = Inter-level travel time spent in this place.
 D = Time resting spent in this place.
 E = Time spent auto-exploring this place.
 F = Levels seen in this place.
 G = Mean time per level.
                   A        B        C        D        E       F      G
               +--------+--------+--------+--------+--------+-----+--------+
         Total |   3104 |   2976 |    128 |    455 |   2079 |   4 |  776.0 |
       Dungeon |   3104 |   2976 |    128 |    455 |   2079 |   4 |  776.0 |
               +--------+--------+--------+--------+--------+-----+--------+

Top non-repeatable levels by time:
     D:3: 1386 daAuts
     D:1: 1037 daAuts
     D:2: 637 daAuts
     D:4: 43 daAuts
